 Dungeon Crawl Stone Soup version 0.22-a0-396-g3f858e3 (webtiles) character file.

18 Goblin1989 the Firebug (level 2, -4/17 HPs)
             Began as an Octopode Fire Elementalist on May 4, 2018.
             Slain by a leopard gecko (5 damage)
             ... on level 2 of the Dungeon.
             The game lasted 00:05:39 (534 turns).

Goblin1989 the Firebug (Octopode Fire Elementalist)  Turns: 534, Time: 00:05:40

Health: -4/17      AC:  1    Str:  7    XL:     2   Next: 70%
Magic:  1/5        EV: 13    Int: 17    God:
Gold:   65         SH:  0    Dex: 12    Spells: 4/5 levels left

rFire    . . .     SeeInvis .   i - +0 short sword
rCold    . . .     Gourm    .   (no shield)
rNeg     + . .     Faith    .   (helmet restricted)
rPois    .         Spirit   .   (no amulet)
rElec    .         Reflect  .   t - ring of teleportation (curse)
rCorr    .         Harm     .   X - ring of positive energy
MR       .....     Rnd*Tele +   (no ring)
Stlth    +++.......             (no ring)
HPRegen  0.05/turn              (no ring)
MPRegen  0.09/turn              (no ring)
                                (no ring)
                                (no ring)

@: very slightly contaminated
A: almost no armour, stealthy swim, amphibious, 8 rings, constrict 8, camouflage
1, gelatinous body 1
a: no special abilities


You were on level 2 of the Dungeon.
You were not hungry.

You visited 1 branch of the dungeon, and saw 2 of its levels.

You collected 65 gold pieces.

Inventory:

Hand Weapons
 i - a +0 short sword (weapon)
Missiles
 j - 5 curare-tipped needles
Jewellery
 t - a cursed ring of teleportation (left tentacle)
 X - a ring of positive energy (right tentacle)
Scrolls
 l - a scroll of noise
 M - a scroll of magic mapping
 T - a scroll of teleportation
Potions
 k - a potion of curing {@q1}
 m - a potion of cancellation {unknown}
 Q - a potion of haste {@q3,}
 S - a potion of heal wounds {unknown}
 U - 2 potions of magic
 Z - a potion of brilliance {unknown}
Comestibles
 e - 4 rations


   Skills:
 - Level 2.0 Dodging
 - Level 2.6 Stealth
 + Level 2.2 Spellcasting
 * Level 1.8 Conjurations
 * Level 3.3 Fire Magic


You had 4 spell levels left.
You knew the following spells:

 Your Spells              Type           Power        Failure   Level  Hunger
a - Flame Tongue          Conj/Fire      ##...        7%          1    #......


Dungeon Overview and Level Annotations

Branches:
Dungeon (2/15)

Altars:
Ashenzari


Innate Abilities, Weirdness & Mutations

You cannot wear most types of armour.
You are very stealthy in the water. (Stealth+)
You are amphibious.
You can wear up to eight rings at the same time.
You can use your tentacles to constrict eight enemies at once.
Your skin changes colour to match your surroundings (Stealth+).
Your rubbery body absorbs attacks. (AC +1, EV +1)


Message History

Confirm with . or Enter, or press ? or * to list all spells.
You can't see any susceptible monsters within range! (Use Z to cast anyway.)
R - 2 pink potions
There is a stone staircase leading down here.
Unknown command.
You climb downwards.
There is a stone staircase leading up here.
Q - a potion of haste {@q3,} All of the chunks of flesh in your inventory have rotted away.
As you read the scroll labeled HUOXKAF GUTWAL, it crumbles to dust.
It is a scroll of identify.
R - 2 potions of magic;
R - a scroll of identify;
U - 2 potions of magic
As you read the scroll of identify {@r1}, it crumbles to dust.
k - a potion of curing Unknown command.
As you read the scroll labeled FIOWNU JEOVO, it crumbles to dust.
The air around you briefly surges with heat, but it dissipates.
It was a scroll of immolation.
Unknown command.
As you read the scroll labeled KUEKITHOTEA, it crumbles to dust.
You hear the sound of one hand clapping.
It was a scroll of random uselessness.
Unknown command.
A bat comes into view.
Casting: Flame Tongue (safe; 7% risk of failure)
Confirm with . or Enter, or press ? or * to list all spells.
Aiming: Flame Tongue (safe; 7% risk of failure)
Press: ? - help, Shift-Dir - straight line, f - bat
Aim: a bat (resting)
The flame tongue hits the bat.
The bat is severely wounded.
You now have 4/5 mp.
The bat hits you.
You take 1 damage, and have 11/17 hp.
Casting: Flame Tongue (safe; 7% risk of failure)
Confirm with . or Enter, or press ? or * to list all spells.
Aiming: Flame Tongue (safe; 7% risk of failure)
Press: ? - help, Shift-Dir - straight line, f/p - bat
Aim: a bat (severely wounded)
The flame tongue misses the bat.
The bat hits you.
You take 1 damage, and have 10/17 hp.
You now have 3/5 mp.
Casting: Flame Tongue (safe; 7% risk of failure)
Confirm with . or Enter, or press ? or * to list all spells.
Aiming: Flame Tongue (safe; 7% risk of failure)
Press: ? - help, Shift-Dir - straight line, f/p - bat
Aim: a bat (heavily wounded)
The flame tongue hits the bat.
You kill the bat!
You now have 2/5 mp.
A leopard gecko and an adder come into view.
The leopard gecko hisses angrily.
Casting: Flame Tongue (safe; 7% risk of failure)
Confirm with . or Enter, or press ? or * to list all spells.
Aiming: Flame Tongue (safe; 7% risk of failure)
Press: ? - help, Shift-Dir - straight line, f - leopard gecko
Aim: a leopard gecko The flame tongue hits the leopard gecko.
The leopard gecko is lightly wounded.
You now have 2/5 mp.
Casting: Flame Tongue (safe; 7% risk of failure)
Confirm with . or Enter, or press ? or * to list all spells.
Aiming: Flame Tongue (safe; 7% risk of failure)
Press: ? - help, Shift-Dir - straight line, f/p - leopard gecko
Aim: a leopard gecko (lightly wounded)
The flame tongue misses the leopard gecko.
The leopard gecko closely misses you.
You now have 1/5 mp.
Casting: Flame Tongue (safe; 7% risk of failure)
Confirm with . or Enter, or press ? or * to list all spells.
Aiming: Flame Tongue (safe; 7% risk of failure)
Press: ? - help, Shift-Dir - straight line, f/p - leopard gecko
Aim: a leopard gecko (lightly wounded)
You miscast Flame Tongue.
You are very lightly contaminated with residual magic.
Wisps of smoke drift from your tentacles.
The leopard gecko bites you.
* * * LOW HITPOINT WARNING * * *
The leopard gecko closely misses you.
You take 4 damage, and have 7/17 hp.
MASSIVE DAMAGE!!
You now have 0/5 mp.
Casting: Flame Tongue (safe; 7% risk of failure)
Confirm with . or Enter, or press ? or * to list all spells.
You don't have enough magic to cast that spell.
Casting: Flame Tongue (safe; 7% risk of failure)
Confirm with . or Enter, or press ? or * to list all spells.
Aiming: Flame Tongue (safe; 7% risk of failure)
Press: ? - help, Shift-Dir - straight line, f/p - leopard gecko
Aim: a leopard gecko (lightly wounded, clinging)
The flame tongue misses the leopard gecko.
The leopard gecko closely misses you.
You now have 0/5 mp.
The leopard gecko bites you.
* * * LOW HITPOINT WARNING * * *
You take 4 damage, and have 3/17 hp.
MASSIVE DAMAGE!!
The leopard gecko bites you.
* * * LOW HITPOINT WARNING * * *
You take 3 damage, and have 1/17 hp.
Found an escape hatch in the floor.
The leopard gecko misses you. The leopard gecko bites you.
You die...

████████.██.█ █.██.█
█.██.█ ████.██.█
█.......███████
████.██.......█
█<██.█████.█
█....██>█████l██████
███████.██..@........
█.██.██.███████ █.██
█.█ █.. ..█ ██. .██ █


You could see a leopard gecko.

Vanquished Creatures
  A bat (D:2)
  5 goblins (D:1)
  4 hobgoblins (D:1)
  2 frilled lizards (D:1)
  3 kobolds (D:1)
  A rat (D:1)
16 creatures vanquished.

Notes
Turn   | Place    | Note
-------+----------+-------------------------------------------
     0 | D:1      | Goblin1989 the Octopode Fire Elementalist began the quest for the Orb.
     0 | D:1      | Reached XP level 1. HP: 11/11 MP: 3/3
   119 | D:1      | Reached XP level 2. HP: 17/17 MP: 1/5
   243 | D:1      | Found a shattered altar of Ashenzari.
   534 | D:2      | Slain by a leopard gecko

Vault maps used:
D:1:      scummos_arrival_hexagon, hangedman_abyss_or_decor_lesser_grid,
          evilmike_ruin_ashenzari
D:2:      lemuel_round_altar, minmay_misc_feat_doors, trog_butcher_becter

Action                   || total
-------------------------++-------
 Cast: Flame Tongue      ||    31
  Use: Scroll            ||     7
Dodge: Dodged            ||     6

Table legend:
 A = Spawn XP
 B = Non-spawn XP
 C = Spawn XP percentage of total XP
 D = Spawn monster count
 E = Non-spawn monster count
 F = Spawn count percentage of total count
 G = Total turns spent on level
                    A         B        C        D         E        F      G
               +---------+---------+-------+---------+---------+-------+---------
         Total |       0 |      27 |   0.0 |       0 |      16 |   0.0 |   534
               +---------+---------+-------+---------+---------+-------+---------
           D:1 |       0 |      25 |   0.0 |       0 |      15 |   0.0 |   480
           D:2 |       0 |       2 |   0.0 |       0 |       1 |   0.0 |    54
               +---------+---------+-------+---------+---------+-------+---------

Vault maps used:
D:1:      scummos_arrival_hexagon, hangedman_abyss_or_decor_lesser_grid,
          evilmike_ruin_ashenzari
D:2:      lemuel_round_altar, minmay_misc_feat_doors, trog_butcher_becter
